[Event "Titled Tuesday Blitz January 31 Early 2023"]
[White "Azarov, Sergei"]
[Black "Ongut, Tamas Gunes"]
[WhiteFideId "13501470"]
[BlackFideId "770280"]
[WhiteElo "2582"]
[BlackElo "2299"]
[Result "1-0"]
[Round "02"]
[TimeControl "180+2"]
[Date "2023.01.31"]
[WhiteClock "0:00:32"]
[BlackClock "0:00:05"]

1. e4 e5 2. Nf3 Nc6 3. Bb5 a6 4. Ba4 d6 5. Bxc6+ bxc6 6. d4 exd4 7. Qxd4 Nf6 8. Bg5 Be7 9. e5 dxe5 10. Qxd8+ Bxd8 11. Nxe5 O-O 12. O-O Bb7 13. Nc3 Be7 14. Bxf6 Bxf6 15. Nd7 Bxc3 16. Nxf8 Bb4 17. Nd7 Bd6 18. b4 a5 19. Nc5 Bc8 20. a3 Rb8 21. c3 Bxc5 22. bxc5 f6 23. Rab1 Rb5 24. Rxb5 cxb5 25. Rb1 Bd7 26. Rd1 Be6 27. f3 Kf7 28. Kf2 Ke7 29. Ke3 Bb3 30. Rd2 Bc4 31. g4 h6 32. f4 Be6 33. h3 Bd7 34. Ke4 Ke6 35. f5+ Ke7 36. Kd5 c6+ 37. Ke4 Be8 38. Rd6 Bd7 39. Kf4 Ke8 40. h4 Ke7 41. g5 hxg5+ 42. hxg5 Be8 43. Re6+ Kf7 44. gxf6 gxf6 45. Re3 Bd7 46. Rd3 Ke7 47. Rh3 Be8 48. Rh7+ Bf7 49. Rh8 Be8 50. Ke4 Kd8 51. Rh7 a4 52. Rg7 Kc8 53. Kf4 Kd8 54. Kg4 Bd7 55. Rf7 Ke8 56. Rxf6 Ke7 57. Rd6 1-0


[Site "https://www.chess.com"]

[Event "Titled Tuesday Blitz January 31 Early 2023"]
[White "Ronka, Erik"]
[Black "Shipov, Sergei"]
[WhiteFideId "505080"]
[BlackFideId "4113624"]
[WhiteElo "2276"]
[BlackElo "2541"]
[Result "0-1"]
[Round "02"]
[TimeControl "180+2"]
[Date "2023.01.31"]
[WhiteClock "0:00:11"]
[BlackClock "0:00:56"]

1. e4 e6 2. d4 d5 3. Nc3 Bb4 4. e5 c5 5. a3 Ba5 6. b4 cxd4 7. Qg4 Kf8 8. Nb5 Bb6 9. Nf3 Nc6 10. Bd3 Nge7 11. Bb2 Ng6 12. Qg3 f6 13. Nbxd4 Nxd4 14. Bxd4 Bxd4 15. Nxd4 Nxe5 16. O-O Bd7 17. Kh1 Kf7 18. f4 Nxd3 19. cxd3 Re8 20. Rab1 Kg8 21. h3 Rc8 22. Rbc1 Qe7 23. Rxc8 Rxc8 24. Re1 Qd6 25. Qe3 Re8 26. Nf3 b6 27. Rc1 Rc8 28. Rxc8+ Bxc8 29. Nd4 Bd7 30. Nf3 Qc7 31. g3 Kf7 32. Kh2 Qc2+ 33. Kg1 Qb1+ 34. Kh2 Qb2+ 35. Kh1 Qxa3 36. Qd4 Qc1+ 37. Kg2 Qc2+ 38. Kh1 h6 39. f5 Qd1+ 40. Kg2 Qe2+ 41. Qf2 Qxf2+ 42. Kxf2 e5 43. g4 d4 44. Nd2 Bb5 45. Ke2 a5 46. Ne4 Ke7 47. bxa5 bxa5 48. Nc5 Kd6 49. Nb3 a4 50. Nc1 e4 51. Kd2 Bxd3 0-1


[Site "https://www.chess.com"]

[Event "Titled Tuesday Blitz January 31 Early 2023"]
[White "Goltsev, Dmitry"]
[Black "Ramirez Allo, Eduardo"]
[WhiteFideId "24176710"]
[BlackFideId "2224178"]
[WhiteElo "2269"]
[BlackElo "2274"]
[Result "1-0"]
[Round "02"]
[TimeControl "180+2"]
[Date "2023.01.31"]
[WhiteClock "0:00:44"]
[BlackClock "0:00:46"]

1. e4 c5 2. Nf3 d6 3. d4 cxd4 4. Nxd4 Nf6 5. Nc3 a6 6. Be2 e5 7. Nb3 Be7 8. Be3 Be6 9. Nd5 Bxd5 10. exd5 Nbd7 11. c4 O-O 12. O-O a5 13. Rc1 b6 14. f3 g6 15. a3 Nh5 16. Qd2 f5 17. Na1 Ng7 18. Nc2 Nc5 19. Rb1 h5 20. b4 axb4 21. axb4 Nd7 22. Rfc1 g5 23. Ra1 g4 24. Rxa8 Qxa8 25. Ra1 Qb7 26. c5 bxc5 27. bxc5 Nxc5 28. Bxc5 dxc5 29. d6 Rd8 30. Qh6 Qb3 31. dxe7 Re8 32. Ne3 1-0


[Site "https://www.chess.com"]

[Event "Titled Tuesday Blitz January 31 Early 2023"]
[White "Koepke, Christian"]
[Black "Dourerassou, Jonathan"]
[WhiteFideId "4655737"]
[BlackFideId "628050"]
[WhiteElo "2308"]
[BlackElo "2414"]
[Result "1-0"]
[Round "02"]
[TimeControl "180+2"]
[Date "2023.01.31"]
[WhiteClock "0:00:11"]
[BlackClock "0:01:31"]

1. e4 d6 2. d4 g6 3. Nf3 Bg7 4. Be2 Nf6 5. Nc3 O-O 6. O-O c5 7. dxc5 dxc5 8. Qxd8 Rxd8 9. Be3 b6 10. Rfd1 Rf8 11. e5 Nfd7 12. e6 fxe6 13. Ng5 Ne5 14. f4 Nec6 15. Bf3 h6 16. Nge4 Bb7 17. Nb5 Na6 18. c3 Rad8 19. Nd2 Na5 20. Bxb7 Nxb7 21. Nxa7 Rd3 22. Nc4 Rfd8 23. Rxd3 Rxd3 24. Kf2 b5 25. Nxb5 Nd6 26. Nbxd6 exd6 27. Ke2 Rd5 28. a4 Kf7 29. Rd1 Rxd1 30. Kxd1 Ke7 31. Kc2 Kd7 32. Bd2 Kc6 33. b4 cxb4 34. cxb4 Kd5 35. Ne3+ Ke4 36. b5 Nc5 37. a5 Bd4 38. Nc4 Kd5 39. Nb6+ Ke4 40. Nc8 Kd5 41. a6 Nd7 42. Kd3 Nc5+ 43. Kc2 Nd7 44. Bc3 Bc5 45. Kd3 e5 46. fxe5 dxe5 47. Bd2 e4+ 48. Ke2 Kc4 49. Bxh6 Kxb5 50. Be3 Kxa6 51. Bxc5 Nxc5 52. Nd6 Kb6 53. Ke3 Kc6 54. Nxe4 Ne6 55. Ng3 Kd5 56. h4 Ke5 57. h5 g5 58. Kf3 Nf4 59. Kg4 Kf6 60. Ne4+ Kg7 61. g3 Nd5 62. Nxg5 Nf6+ 63. Kh4 Ng8 64. g4 Nh6 65. Ne6+ Kf6 66. Nf4 Kg7 67. g5 Nf5+ 68. Kg4 Ne3+ 69. Kf3 Nf5 70. Ke4 Ng3+ 71. Ke5 Nxh5 72. Nxh5+ Kg6 73. Kf4 Kxh5 74. Kf5 Kh4 75. g6 Kh5 76. Kf6 Kh6 77. Kf7 Kh5 78. g7 Kg4 79. g8=Q+ Kf4 80. Qg6 Ke3 81. Qg4 Kd3 82. Ke6 Kd2 83. Ke5 Ke3 84. Qf4+ Kd3 85. Qf3+ Kc2 86. Kd4 Kb1 87. Qe2 Ka1 88. Kc3 Kb1 89. Qb2# 1-0


[Site "https://www.chess.com"]

[Event "Titled Tuesday Blitz January 31 Early 2023"]
[White "Zacurdajev, Dmitry"]
[Black "Iliaguev, Nisim"]
[WhiteFideId "4196309"]
[BlackFideId "2817276"]
[WhiteElo "2273"]
[BlackElo "2402"]
[Result "0-1"]
[Round "02"]
[TimeControl "180+2"]
[Date "2023.01.31"]
[WhiteClock "0:00:31"]
[BlackClock "0:00:44"]

1. d4 Nf6 2. c4 c5 3. d5 d6 4. Nc3 g6 5. Nf3 Bg7 6. Bf4 O-O 7. h3 e6 8. e3 exd5 9. cxd5 Na6 10. Be2 Re8 11. O-O Ne4 12. Rc1 Nc7 13. Nxe4 Rxe4 14. Bd3 Rb4 15. b3 Nxd5 16. Bg5 Nf6 17. Bc4 Be6 18. Nd2 d5 19. Be2 Qe7 20. Qc2 Rc8 21. e4 h6 22. exd5 Bxd5 23. Be3 Rh4 24. Nf3 Re4 25. Bd3 Rxe3 26. fxe3 Qxe3+ 27. Qf2 Qxd3 28. Rxc5 Rxc5 29. Qxc5 Ne4 30. Qc8+ Kh7 31. Kh2 Qxf1 0-1


[Site "https://www.chess.com"]

[Event "Titled Tuesday Blitz January 31 Early 2023"]
[White "Bilych, Olexiy"]
[Black "Valle Maytin, Luis Enrique"]
[WhiteFideId "14156504"]
[BlackFideId "3503666"]
[WhiteElo "2441"]
[BlackElo "2241"]
[Result "1-0"]
[Round "02"]
[TimeControl "180+2"]
[Date "2023.01.31"]
[WhiteClock "0:01:04"]
[BlackClock "0:00:04"]

1. d4 Nf6 2. c4 e6 3. Nf3 b6 4. g3 Bb7 5. Bg2 Be7 6. O-O O-O 7. Re1 c5 8. Nc3 cxd4 9. Qxd4 Nc6 10. Qf4 d5 11. Rd1 Bd6 12. Qh4 Ne7 13. Bg5 Ng6 14. Bxf6 Qxf6 15. Qxf6 gxf6 16. cxd5 exd5 17. Nxd5 Bxd5 18. Rxd5 Bc5 19. Rad1 Rfe8 20. e3 a5 21. h4 Kg7 22. Nd4 Rac8 23. Nf5+ Kf8 24. a4 Ne5 25. Bf1 Rc7 26. Bb5 Rec8 27. Rd8+ Rxd8 28. Rxd8# 1-0


[Site "https://www.chess.com"]

[Event "Titled Tuesday Blitz January 31 Early 2023"]
[White "Costachi, Mihnea"]
[Black "Baches Garcia, Guillermo"]
[WhiteFideId "1217518"]
[BlackFideId "2209764"]
[WhiteElo "2476"]
[BlackElo "2327"]
[Result "1-0"]
[Round "02"]
[TimeControl "180+2"]
[Date "2023.01.31"]
[WhiteClock "0:01:18"]
[BlackClock "0:00:05"]

1. Nc3 d6 2. d4 Nf6 3. e4 Nbd7 4. Nf3 e5 5. Be2 Be7 6. g4 c6 7. g5 Nh5 8. dxe5 dxe5 9. Nxe5 Nxe5 10. Qxd8+ Bxd8 11. Bxh5 Bg4 12. Bxg4 Nxg4 13. Bf4 Bb6 14. O-O h6 15. gxh6 g5 16. Bxg5 f6 17. Bf4 Ke7 18. Na4 Rag8 19. Bg3 Bxf2+ 20. Rxf2 Nxf2 21. Kxf2 Rxh6 22. Rd1 Rg4 23. Nc5 b6 24. Kf3 Rg8 25. Nb7 Rh7 26. Nd6 Ke6 27. Nf5 Rd7 28. Rxd7 Kxd7 29. h4 1-0


[Site "https://www.chess.com"]

[Event "Titled Tuesday Blitz January 31 Early 2023"]
[White "Corrales Jimenez, Fidel"]
[Black "Chan, Kim Yew"]
[WhiteFideId "3506690"]
[BlackFideId "5717981"]
[WhiteElo "2489"]
[BlackElo "2340"]
[Result "1-0"]
[Round "02"]
[TimeControl "180+2"]
[Date "2023.01.31"]
[WhiteClock "0:00:20"]
[BlackClock "0:00:05"]

1. e4 c5 2. Nf3 e6 3. d4 cxd4 4. Nxd4 Nc6 5. Nc3 Qc7 6. Be2 a6 7. O-O Nf6 8. Be3 Bb4 9. Nxc6 bxc6 10. f4 d5 11. e5 Nd7 12. Na4 O-O 13. c4 Be7 14. Rc1 Qb8 15. a3 a5 16. cxd5 cxd5 17. Rf2 Ba6 18. Bxa6 Rxa6 19. Rfc2 Qb3 20. Rc3 Qb5 21. Bd4 g6 22. Rc7 Bd8 23. Rc8 Be7 24. R8c3 Raa8 25. h3 f6 26. exf6 Bxf6 27. Bxf6 Nxf6 28. Rc7 Ne4 29. Qd4 Nf6 30. Nc5 Rae8 31. b4 axb4 32. axb4 Rf7 33. Rxf7 Kxf7 34. Ra1 Re7 35. Kh2 Qc4 36. Qe5 Nd7 37. Nxd7 Rxd7 38. Qh8 Qxb4 39. Qxh7+ Kf6 40. Qxd7 Qxf4+ 41. Kh1 1-0


[Site "https://www.chess.com"]

[Event "Titled Tuesday Blitz January 31 Early 2023"]
[White "Melaugh, Shane"]
[Black "Sokolovsky, Yahli"]
[WhiteFideId "2509580"]
[BlackFideId "2820242"]
[WhiteElo "2115"]
[BlackElo "2461"]
[Result "0-1"]
[Round "02"]
[TimeControl "180+2"]
[Date "2023.01.31"]
[WhiteClock "0:02:03"]
[BlackClock "0:01:02"]

1. c4 g6 2. Nc3 Bg7 3. g3 e5 4. Bg2 Ne7 5. e4 Nbc6 6. d3 Nd4 7. Nge2 Nec6 8. Be3 d6 9. h3 Nxe2 10. Qxe2 Be6 11. O-O Qd7 12. Kh2 h5 13. Rab1 f5 14. Bg5 Nd4 15. Qe3 h4 16. Bxh4 f4 17. Qe1 g5 18. Bxg5 Bxh3 19. Bh4 Bxg2 20. Kxg2 Rxh4 21. Rh1 f3+ 22. Kg1 Rxh1+ 23. Kxh1 Qh3+ 24. Kg1 Qg2# 0-1


[Site "https://www.chess.com"]

[Event "Titled Tuesday Blitz January 31 Early 2023"]
[White "Khoroshev, Nikita"]
[Black "Kielinkei"]
[WhiteFideId "14200287"]
[WhiteElo "2336"]
[BlackElo "2440"]
[Result "1-0"]
[Round "02"]
[TimeControl "180+2"]
[Date "2023.01.31"]
[WhiteClock "0:01:05"]
[BlackClock "0:00:06"]

1. e4 c5 2. c3 Nf6 3. e5 Nd5 4. d4 cxd4 5. Nf3 d6 6. Bc4 Nb6 7. Bb3 dxe5 8. Nxe5 e6 9. cxd4 Nc6 10. Nxc6 bxc6 11. O-O Be7 12. Nc3 O-O 13. Bf4 c5 14. dxc5 Bxc5 15. Qf3 Ba6 16. Rfd1 Qe7 17. Qh5 Nd7 18. Ne4 Rfd8 19. Bc2 g6 20. Qh6 Qf8 21. Qxf8+ Bxf8 22. Rxd7 Rxd7 23. Nf6+ Kg7 24. Nxd7 Be7 25. Rd1 Rd8 26. Bc7 Rc8 27. Be5+ f6 28. Bc3 Rd8 29. Ba4 e5 30. f3 Bc8 31. Kf2 Kf7 32. Bb5 a6 33. Ba4 h5 34. g4 hxg4 35. fxg4 Bb7 36. Bb3+ Kg7 37. g5 Bc8 38. Nxf6 Bxf6 39. gxf6+ 1-0


[Site "https://www.chess.com"]

[Event "Titled Tuesday Blitz January 31 Early 2023"]
[White "Papasimakopoulos, Alexandros"]
[Black "Forgacs, Attila Jr."]
[WhiteFideId "4244125"]
[BlackFideId "773654"]
[WhiteElo "2401"]
[BlackElo "2264"]
[Result "1-0"]
[Round "02"]
[TimeControl "180+2"]
[Date "2023.01.31"]
[WhiteClock "0:01:05"]
[BlackClock "0:01:12"]

1. d4 Nf6 2. c4 e6 3. Nc3 Bb4 4. Qc2 d5 5. cxd5 exd5 6. Bg5 c5 7. Nf3 h6 8. Bxf6 Qxf6 9. a3 Bxc3+ 10. Qxc3 c4 11. b3 cxb3 12. Qxc8+ Ke7 13. Qc5+ Ke8 14. e3 Nd7 15. Bb5 Qf5 16. O-O 1-0


[Site "https://www.chess.com"]

[Event "Titled Tuesday Blitz January 31 Early 2023"]
[White "Oglaza, Oskar"]
[Black "Real_OceanStorm"]
[WhiteFideId "1194402"]
[WhiteElo "2304"]
[BlackElo "2720"]
[Result "1-0"]
[Round "02"]
[TimeControl "180+2"]
[Date "2023.01.31"]
[WhiteClock "0:00:42"]
[BlackClock "0:01:05"]

1. e4 e5 2. Nf3 Nc6 3. d4 exd4 4. Nxd4 Bc5 5. Nb3 Bb6 6. Nc3 Nf6 7. Qe2 d6 8. Be3 Bxe3 9. Qxe3 Bd7 10. O-O-O O-O 11. h3 a5 12. f4 a4 13. Nd4 a3 14. b3 Re8 15. Bd3 Nb4 16. g4 d5 17. e5 c5 18. Nf3 d4 19. Nxd4 cxd4 20. Qxd4 Nxd3+ 21. Rxd3 Qc7 22. Rhd1 Bc6 23. exf6 g6 24. f5 Qh2 25. fxg6 hxg6 26. g5 Rad8 27. Qh4 Rxd3 28. Qh6 Rxd1+ 29. Nxd1 Qf4+ 30. Kb1 1-0


[Site "https://www.chess.com"]

[Event "Titled Tuesday Blitz January 31 Early 2023"]
[White "Kosteniuk, Alexandra"]
[Black "Rengifo Blancas, Renzo Jhonathan"]
[WhiteFideId "4128125"]
[BlackFideId "3807185"]
[WhiteElo "2535"]
[BlackElo "2131"]
[Result "1-0"]
[Round "02"]
[TimeControl "180+2"]
[Date "2023.01.31"]
[WhiteClock "0:00:44"]
[BlackClock "0:00:01"]

1. e4 e5 2. Nf3 Nc6 3. Bc4 Bc5 4. c3 Nf6 5. d4 exd4 6. b4 Bb6 7. e5 d5 8. exf6 dxc4 9. Qe2+ Be6 10. b5 Na5 11. fxg7 Rg8 12. cxd4 Bxd4 13. Nxd4 Qxd4 14. Bb2 Qd5 15. O-O O-O-O 16. Qe3 b6 17. Bf6 Rde8 18. Nc3 Qf5 19. Qd4 Nb7 20. a4 Nc5 21. Rae1 Nd3 22. Re3 Nf4 23. Rf3 Ne2+ 24. Nxe2 Qg6 25. Ng3 h5 26. h4 Bg4 27. Rf4 Re6 28. Qd5 Rge8 29. Qa8+ Kd7 30. Rd4+ Rd6 31. Qc6+ Ke6 32. Qxe8+ Kxf6 33. Rxd6+ cxd6 34. g8=Q 1-0


[Site "https://www.chess.com"]

[Event "Titled Tuesday Blitz January 31 Early 2023"]
[White "Aradhya, Garg"]
[Black "Grot, Blazej"]
[WhiteFideId "25006746"]
[BlackFideId "21835845"]
[WhiteElo "2284"]
[BlackElo "1990"]
[Result "0-1"]
[Round "02"]
[TimeControl "180+2"]
[Date "2023.01.31"]
[WhiteClock "0:00:11"]
[BlackClock "0:00:08"]

1. d4 Nf6 2. Nf3 e6 3. Bg5 d5 4. e3 c5 5. c3 h6 6. Bh4 Qb6 7. Qb3 Nc6 8. Nbd2 Nh5 9. Bg3 Nxg3 10. hxg3 Bd6 11. Qc2 Bd7 12. Be2 cxd4 13. exd4 O-O-O 14. a4 Qc7 15. Nb3 Kb8 16. Nc5 Bc8 17. Nd3 f6 18. a5 e5 19. dxe5 fxe5 20. Nh4 g5 21. Ng6 Rhg8 22. Bh5 Bf5 23. O-O-O e4 24. Nb4 Nxb4 25. cxb4 Qxc2+ 26. Kxc2 Bxg6 27. Bxg6 Rxg6 28. Rxd5 Rc8+ 29. Kb3 e3 30. fxe3 Bxg3 31. Rf1 Bd6 32. Rf7 Re6 33. Ka4 Rc7 34. Rf3 a6 35. Rd4 Rc2 36. Kb3 Rxg2 37. e4 Be5 38. Rd8+ Kc7 39. Rff8 Rxb2+ 40. Ka3 Re2 41. Rc8+ Kd7 42. Rfd8+ Ke7 43. Re8+ Kf7 44. Rf8+ Kg6 45. Rg8+ Kh5 46. Rc4 Bb2+ 47. Kb3 Be5 48. Rf8 Re7 49. Rf1 Re3+ 50. Kc2 Rh3 51. Rf5 Kh4 52. Rc5 Bf4 53. Rc4 Re3 54. b5 axb5 55. Rxb5 R3xe4 56. Rxe4 Rxe4 57. Rxb7 Ra4 58. Rb6 Rxa5 59. Rxh6+ Kg3 60. Kd3 Ra3+ 61. Ke2 g4 62. Rh1 Kg2 63. Rh8 g3 64. Rc8 Ra2+ 65. Kd3 Be5 66. Re8 Bf4 67. Ke4 Bc1 68. Rc8 Ba3 69. Kf4 Bd6+ 70. Kg4 Kf2 71. Rc6 g2 72. Rxd6 g1=Q+ 73. Kf5 Qe1 74. Re6 Qxe6+ 75. Kxe6 Ra5 76. Kd6 Ke3 77. Kc6 Kd4 78. Kb6 Rh5 79. Kc6 Rg5 80. Kd6 Rg6+ 81. Ke7 Rh6 82. Kf7 Ke5 83. Kg7 Ra6 84. Kf7 Rb6 85. Kg7 Kf5 86. Kf7 Rb7+ 87. Ke8 Ke6 88. Kd8 Rh7 89. Kc8 Kd6 90. Kb8 Kc6 91. Kc8 Rh8# 0-1


[Site "https://www.chess.com"]

[Event "Titled Tuesday Blitz January 31 Early 2023"]
[White "Sliwicki, Damian"]
[Black "Nouri, Alekhine"]
[WhiteFideId "1127128"]
[BlackFideId "5216184"]
[WhiteElo "2158"]
[BlackElo "2257"]
[Result "0-1"]
[Round "02"]
[TimeControl "180+2"]
[Date "2023.01.31"]
[WhiteClock "0:00:06"]
[BlackClock "0:00:52"]

1. e4 c5 2. Nf3 d6 3. d4 cxd4 4. Qxd4 Nf6 5. Bg5 a6 6. c4 Nc6 7. Qe3 g6 8. Bxf6 exf6 9. Nc3 Bg7 10. Be2 O-O 11. h4 h5 12. Rd1 Bg4 13. Nd4 Nxd4 14. Qxd4 f5 15. Qxd6 Qa5 16. f3 Rad8 17. Qf4 Be5 18. Qc1 Bg3+ 19. Kf1 Qc5 20. Rd4 Qxd4 21. Nd1 Qc5 22. fxg4 Rxd1+ 23. Qxd1 Qf2# 0-1


[Site "https://www.chess.com"]

[Event "Titled Tuesday Blitz January 31 Early 2023"]
[White "Liimatainen, Jero"]
[Black "Mahdavi, Reza"]
[WhiteFideId "509531"]
[BlackFideId "12595926"]
[WhiteElo "1948"]
[BlackElo "2339"]
[Result "0-1"]
[Round "02"]
[TimeControl "180+2"]
[Date "2023.01.31"]
[WhiteClock "0:00:05"]
[BlackClock "0:00:05"]

1. e4 c5 2. Nf3 e6 3. g3 d5 4. exd5 exd5 5. d4 Nc6 6. Bg2 Nf6 7. O-O cxd4 8. Nxd4 Bg4 9. Qd3 Be7 10. Nc3 O-O 11. Nxc6 bxc6 12. Be3 Qd7 13. Na4 Bf5 14. Qd4 Rab8 15. c3 Bh3 16. Qxa7 Bxg2 17. Qxd7 Nxd7 18. Kxg2 Rfe8 19. b4 Bf6 20. Rfc1 Ra8 21. Nb2 Ra3 22. Nd1 Rea8 23. Rc2 Ne5 24. Rb1 Nc4 25. b5 cxb5 26. Rxb5 g6 27. Rxd5 h5 28. Bd4 Be7 29. h4 Rxa2 30. Rxa2 Rxa2 31. Ne3 Nd2 32. Rd7 Bf8 33. Rd8 Ne4 34. Nd5 f5 35. Kf3 Kf7 36. Kf4 Bh6+ 37. Kf3 Nd2+ 38. Kg2 Ne4 39. Nc7 Bd2 40. Rd7+ Kf8 41. Bg7+ Kg8 42. Bd4 Bxc3 43. Bxc3 Nxc3 44. Ne6 Ne4 45. Rg7+ Kh8 46. Rxg6 Rxf2+ 47. Kg1 Re2 48. Nf4 Rb2 49. Nxh5 Kh7 50. Nf4 Nd2 51. g4 Nf3+ 52. Kf1 Nxh4 53. gxf5 Nxg6 54. Nxg6 Kg7 55. Ke1 Kf6 56. Nh4 Ra2 57. Nf3 Kxf5 58. Nd2 Ke5 59. Kd1 Kd4 60. Kc1 Kd3 61. Nb3 Kc3 62. Nd2 Rxd2 63. Kb1 Rc2 64. Ka1 Kb3 0-1


[Site "https://www.chess.com"]

[Event "Titled Tuesday Blitz January 31 Early 2023"]
[White "Hambleton, Aman"]
[Black "Alfaro, William"]
[WhiteFideId "2606577"]
[BlackFideId "6100457"]
[WhiteElo "2420"]
[BlackElo "2134"]
[Result "1-0"]
[Round "02"]
[TimeControl "180+2"]
[Date "2023.01.31"]
[WhiteClock "0:00:14"]
[BlackClock "0:00:35"]

1. d4 Nf6 2. Bf4 g6 3. Nc3 d5 4. e3 c6 5. Nf3 Nbd7 6. h3 b5 7. Bd3 Nb6 8. Ne5 Bb7 9. O-O Nh5 10. Bh2 f6 11. Nxg6 hxg6 12. Bxg6+ Kd7 13. Bxh5 e6 14. Bf3 f5 15. Ne2 Nc4 16. b3 Nd6 17. Nf4 Qg5 18. Bg3 Nf7 19. c4 Bd6 20. cxb5 cxb5 21. Rc1 Rag8 22. Qd3 a6 23. Rfd1 Ba3 24. Rc7+ 1-0


[Site "https://www.chess.com"]

[Event "Titled Tuesday Blitz January 31 Early 2023"]
[White "Shtompel, Yuriy"]
[Black "Mischuk, Dmitry"]
[WhiteFideId "14168278"]
[BlackFideId "14118734"]
[WhiteElo "1938"]
[BlackElo "2298"]
[Result "1-0"]
[Round "02"]
[TimeControl "180+2"]
[Date "2023.01.31"]
[WhiteClock "0:00:09"]
[BlackClock "0:00:14"]

1. e4 c5 2. Nf3 d6 3. d4 cxd4 4. Nxd4 Nf6 5. Nc3 g6 6. Be3 Bg7 7. Qd2 Ng4 8. Bg5 Qb6 9. Nb3 Be6 10. h3 Ne5 11. Be3 Qd8 12. Nd4 Bd7 13. f4 Nec6 14. Be2 O-O 15. O-O Nxd4 16. Bxd4 Bxd4+ 17. Qxd4 Nc6 18. Qd2 Qa5 19. Rfd1 Be6 20. a3 Rac8 21. Qe3 Qc5 22. Qxc5 dxc5 23. Rd2 Rfd8 24. Rad1 Rxd2 25. Rxd2 Kf8 26. g4 Nd4 27. f5 Bd7 28. Kf2 e5 29. Nd5 Bc6 30. c3 Nb3 31. Rd1 Rd8 32. Ke3 Bxd5 33. exd5 Ke7 34. Ke4 f6 35. h4 gxf5+ 36. Kxf5 a6 37. g5 fxg5 38. hxg5 Kd6 39. Kf6 Rg8 40. Bh5 c4 41. Bf7 Rd8 42. Kg7 Rd7 43. Rf1 Nc5 44. Kxh7 Ne4 45. g6 Ng3 46. Rf3 Nh5 47. Kh6 Nf4 48. g7 Rxf7 49. g8=Q Rf6+ 50. Kg5 Rg6+ 51. Qxg6+ Nxg6 52. Kxg6 Kxd5 53. Kf5 1-0


[Site "https://www.chess.com"]

[Event "Titled Tuesday Blitz January 31 Early 2023"]
[White "Ashraf, Artin"]
[Black "Manon-og, Ramon Jr."]
[WhiteFideId "22514805"]
[BlackFideId "5200776"]
[WhiteElo "2314"]
[BlackElo "1999"]
[Result "1/2-1/2"]
[Round "02"]
[TimeControl "180+2"]
[Date "2023.01.31"]
[WhiteClock "0:00:05"]
[BlackClock "0:00:46"]

1. e4 c5 2. Nf3 d6 3. d4 cxd4 4. Nxd4 Nf6 5. Nc3 a6 6. Bg5 e6 7. f4 Be7 8. Qf3 Qc7 9. O-O-O Nbd7 10. g4 b5 11. Bxf6 Nxf6 12. g5 Nd7 13. f5 O-O 14. f6 gxf6 15. gxf6 Nxf6 16. Bd3 Qc5 17. e5 dxe5 18. Ne4 Nxe4 19. Qxe4 f5 20. Rhg1+ Kh8 21. Qxa8 exd4 22. Qg2 Bf6 23. Rdf1 Bd7 24. Qh3 Qe5 25. Kb1 Bc6 26. Re1 Qd6 27. Rg6 Bd5 28. Qh6 Qe7 29. Bxf5 Bg7 30. Qxh7+ Kxh7 31. Rgxe6+ Rxf5 32. Rxe7 Kh6 33. b3 Bf6 34. Ra7 Rf2 35. Rxa6 Bf7 36. Rb6 Bg6 37. Ree6 Kg7 38. Rb7+ Kh6 39. Rbb6 Kg7 40. Rb7+ Kh6 41. Rbb6 1/2-1/2


[Site "https://www.chess.com"]

[Event "Titled Tuesday Blitz January 31 Early 2023"]
[White "Stavri, Gligor"]
[Black "Wagh Suyog"]
[WhiteFideId "4706013"]
[BlackFideId "25071688"]
[WhiteElo "1867"]
[BlackElo "2313"]
[Result "0-1"]
[Round "02"]
[TimeControl "180+2"]
[Date "2023.01.31"]
[WhiteClock "0:00:47"]
[BlackClock "0:01:31"]

1. d4 Nf6 2. c4 e6 3. Nc3 Bb4 4. Qc2 Nc6 5. Nf3 d5 6. e3 O-O 7. a3 Bxc3+ 8. Qxc3 Re8 9. Bd3 dxc4 10. Bxc4 Nd5 11. Qc2 e5 12. dxe5 Nxe5 13. Nxe5 Rxe5 14. O-O Qh4 15. Bxd5 Rxd5 16. Qxc7 Be6 17. b4 Rc8 18. Qg3 Qf6 19. Rb1 Rg5 20. Qf4 Qg6 21. g3 Rg4 22. Qe5 Qxb1 23. h3 Rxc1 24. hxg4 Rxf1+ 25. Kg2 Rg1+ 26. Kh2 Rh1+ 27. Kg2 Qf1+ 28. Kf3 Qd1+ 29. Kf4 Qxg4# 0-1


[Site "https://www.chess.com"]

[Event "Titled Tuesday Blitz January 31 Early 2023"]
[White "Garrido, Denis"]
[Black "Ioannidis, Evgenios"]
[WhiteFideId "601217"]
[BlackFideId "4229274"]
[WhiteElo "2205"]
[BlackElo "2467"]
[Result "0-1"]
[Round "02"]
[TimeControl "180+2"]
[Date "2023.01.31"]
[WhiteClock "0:00:45"]
[BlackClock "0:00:50"]

1. e4 e5 2. Nf3 Nc6 3. Bb5 a6 4. Ba4 Nf6 5. Nc3 b5 6. Bb3 Bc5 7. d3 h6 8. Nd5 d6 9. c3 Be6 10. O-O Ba7 11. Be3 O-O 12. h3 Bxd5 13. exd5 Ne7 14. Bxa7 Rxa7 15. d4 e4 16. Nd2 Nexd5 17. Bxd5 Nxd5 18. Nxe4 f5 19. Nd2 Re8 20. a4 Qa8 21. Qb3 c6 22. Rfe1 Rxe1+ 23. Rxe1 Kh7 24. c4 bxc4 25. Nxc4 Qd8 26. Qf3 Rf7 27. Qg3 Rf6 28. Qd3 Qb8 29. g3 Qb4 30. b3 Qxe1+ 0-1


[Site "https://www.chess.com"]

[Event "Titled Tuesday Blitz January 31 Early 2023"]
[White "Lucassen, Mickey"]
[Black "Wieczorek, Oskar"]
[WhiteFideId "12919110"]
[BlackFideId "1133950"]
[WhiteElo "2023"]
[BlackElo "2512"]
[Result "0-1"]
[Round "02"]
[TimeControl "180+2"]
[Date "2023.01.31"]
[WhiteClock "0:01:57"]
[BlackClock "0:02:41"]

1. e4 c5 2. Nf3 e6 3. d4 cxd4 4. Nxd4 Nf6 5. Nc3 d6 6. g4 e5 7. Nf5 h5 8. Bb5+ Nc6 9. g5 Nxe4 10. Nxg7+ Bxg7 11. Nxe4 d5 12. Nf6+ Bxf6 13. gxf6 Qa5+ 14. c3 Qxb5 15. a4 Qc4 16. Rg1 Qe4+ 17. Kf1 Bh3+ 0-1


[Site "https://www.chess.com"]

[Event "Titled Tuesday Blitz January 31 Early 2023"]
[White "Hasangatin, Ramil"]
[Black "EREBUNI91"]
[WhiteFideId "4122160"]
[WhiteElo "2457"]
[BlackElo "2542"]
[Result "0-1"]
[Round "02"]
[TimeControl "180+2"]
[Date "2023.01.31"]
[WhiteClock "0:00:01"]
[BlackClock "0:00:04"]

1. e4 c5 2. Nf3 d6 3. d4 cxd4 4. Qxd4 Nc6 5. Bb5 Bd7 6. Bxc6 Bxc6 7. Nc3 Nf6 8. Bg5 e5 9. Qd3 Be7 10. O-O-O Qa5 11. Kb1 Rd8 12. Bxf6 Bxf6 13. Nd5 Bxd5 14. Qxd5 Qb6 15. Rd2 O-O 16. Rhd1 Rd7 17. Qb3 Qc6 18. Rd5 Rc8 19. R1d3 Rdc7 20. c3 Be7 21. Qb5 a6 22. Qxc6 bxc6 23. Ra5 f5 24. Nd2 fxe4 25. Nxe4 d5 26. Nc5 e4 27. Rd2 Bd6 28. g3 Bxc5 29. Rxc5 Rf8 30. c4 Rcf7 31. Rxc6 Rxf2 32. Rxf2 Rxf2 33. cxd5 e3 34. Re6 e2 35. Kc1 Rxh2 36. d6 Kf7 37. Re7+ Kf6 38. Re3 Rh1+ 39. Kd2 Rd1+ 40. Kxe2 Rxd6 41. Rc3 Kg5 42. Kf3 Rf6+ 43. Kg2 Rd6 44. Rc5+ Kg4 45. Rc4+ Kg5 46. Rc2 Kg4 47. b3 h5 48. Rc4+ Kg5 49. Ra4 Kf5 50. Ra5+ Kg4 51. Ra4+ Kf5 52. Kf3 g5 53. Ra5+ Kf6 54. Ke4 Re6+ 55. Kd4 Rd6+ 56. Kc5 Re6 57. Kd4 Kg6 58. Re5 Rf6 59. Ke4 h4 60. gxh4 gxh4 61. Re8 Kg5 62. Rg8+ Kh5 63. b4 h3 64. Rh8+ Kg4 65. Kd5 Rf5+ 66. Ke4 Rh5 67. Rg8+ Kh4 68. Rg1 h2 69. Rh1 Kg3 70. Kd4 Rh4+ 71. Kc5 Rh5+ 0-1


[Site "https://www.chess.com"]